 Dungeon Sprint DCSS version 0.29.1-2-gbd0b4ee654 (webtiles) character file.

Game seed: 11413267018148299755

7 boopmooplesden the Trooper (level 1, -10/22 HPs)
             Began as a Minotaur Fighter on Nov 25, 2022.
             Mangled by an ogre
             ... wielding a +0 giant club
              (11 damage)
             ... in the Dungeon (Sprint IX: "|||||||||||||||||||||||||||||").
             The game lasted 00:00:05 (24 turns).

boopmooplesden the Trooper (Minotaur Fighter)         Turns: 24, Time: 00:00:05

Health: -10/22     AC:  7    Str: 20    XL:     1   Next: 83%
Magic:  0/0        EV:  9    Int:  5    God:
Gold:   0          SH:  4    Dex:  9    Spells: 0/0 levels left

rFire   . . .      SeeInvis .   a - +0 war axe
rCold   . . .      Faith    .   c - +0 buckler
rNeg    . . .      Spirit   .   b - +0 scale mail
rPois   .          Reflect  .   (helmet restricted)
rElec   .          Harm     .   (no cloak)
rCorr   .          Rampage  .   (no gloves)
Will    .....      NoTele   +   (no boots)
Stlth   ..........              (no amulet)
HPRegen 0.07/turn               (no ring)
MPRegen 0.07/turn               (no ring)

@: no status effects
A: horns 2, retaliatory headbutt
a: no special abilities


You were in the Dungeon.
You visited 1 branch

Inventory:

Hand Weapons
 a - a +0 war axe (weapon)
Armour
 b - a +0 scale mail (worn)
 c - a +0 buckler (worn)
Scrolls
 j - a scroll of blinking
Potions
 d - a potion of might
 e - a potion of curing
 f - a potion of heal wounds
 g - a potion of haste
 h - 2 potions of magic
 i - a potion of berserk rage


   Skills:
 + Level 4.4 Fighting
 + Level 2.9 Axes
 + Level 4.3 Armour
 + Level 4.4 Shields


You couldn't memorise any spells.
You didn't know any spells.
Your spell library was empty.

Dungeon Overview and Level Annotations

Branches:
Dungeon (1/1)

Altars:


Innate Abilities, Weirdness & Mutations

You have a pair of horns on your head.
You reflexively headbutt those who attack you in melee.


Message History

You block the rat's attack. The rat bites you but does no damage.
You barely miss the rat.
The rat is heavily wounded.
The rat barely misses you. You furiously retaliate!
You headbutt the rat!
You kill the rat!
You hit the rat. Your headbutt misses the rat.
The rat is heavily wounded.
You block the rat's attack.
You barely miss the rat.
The rat is heavily wounded.
The rat closely misses you. The rat bites you.
You closely miss the rat. You headbutt the rat.
You kill the rat!
Your Fighting skill increases to level 4!
Your Armour skill increases to level 4!
Your Shields skill increases to level 4!
You slash the hobgoblin!
You kill the hobgoblin!
You slash the endoplasm!
You kill the endoplasm!
There is an open door to the Dungeon here.
Things that are here:
a +0 dagger; a rat corpse; a rat corpse You open the door.
An orc, a phantom, 2 ogres and a scorpion come into view.
The orc shouts!
The ogre shouts! x2
You slash the orc!
You kill the orc!
Sorry, you're not good enough to have a special ability.
Sorry, you're not good enough to have a special ability.
You slash the ogre!
The ogre is moderately wounded.
The ogre hits you with a +0 giant club!!
Ouch! That really hurt!
* * * LOW HITPOINT WARNING * * *
You hit the ogre. Your headbutt misses the ogre.
The ogre is heavily wounded.
The ogre hits you with a +0 giant club!
Ouch! That really hurt!
You die... ▓▓▓▓▓▓▓▓▓▓▓▓▓▓▓▓▓▓ ▓<...)....@OWOs..+ ▓▓▓▓▓▓▓▓▓▓▓▓▓▓▓▓▓▓

You could see 2 ogres, a phantom and a scorpion.

Vanquished Creatures
  An orc (D)
  An endoplasm (D)
  A hobgoblin (D)
  A kobold (D)
  2 rats (D)
6 creatures vanquished.

Notes
Turn   | Place    | Note
-------+----------+-------------------------------------------
     0 | D        | boopmooplesden the Minotaur Fighter began the quest for the
                  | Orb.
     0 | D        | Reached XP level 1. HP: 19/19 MP: 0/0
    21 | D        | Noticed an ogre
    21 | D        | Noticed a phantom
    21 | D        | Noticed an ogre
    21 | D        | Noticed a scorpion
    23 | D        | HP: 1/22 [ogre/+0 giant club (21)]
    24 | D        | Mangled by an ogre

Illustrated notes

Levels and vault maps discovered:
D:        linesprint [early_d, line_temple, items_1, d_10, items_2, lair_1,
          lair_end, items_3, orc_1, orc_end, items_4, d_15, swamp_1, shoals_1,
          snake_1, spider_1, d_20, vaults_1, items_5, swamp_end, shoals_end,
          snake_end, spider_end, vaults_end, d_27, items_6, zot_1, zot_end,
          crypt_end, forest_end, elf_end, slime_end, tomb_end, abyss_end,
          pan_hell_end]

Skill      XL: |  1 |
---------------+----+-----
Fighting       | 4 |  4.4
Armour         | 4 |  4.3
Shields        | 4 |  4.4
Axes           | |  2.9

Action                   || total
-------------------------++-------
Melee: War axe           ||    14
       Headbutt          ||     1
Armor: Scale mail        ||     4
Dodge: Dodged            ||     2
Block: Buckler           ||     3
